 Dungeon Crawl Stone Soup version 0.19-a0-1002-g674d22e (webtiles) character file.

7355 Leszczynek the Grappler (level 10, -7/86 HPs)
             Began as a Centaur Transmuter on July 19, 2016.
             Was an Elder of Okawaru.
             Killed from afar by crawlian's ghost (27 damage)
             ... with a fireball
             ... on level 11 of the Dungeon.
             The game lasted 00:37:04 (14316 turns).

Leszczynek the Grappler (Centaur Transmuter)       Turns: 14316, Time: 00:37:05

Health: -7/86      AC: 12    Str: 16    XL:     10   Next: 91%
Magic:  13/13      EV:  1    Int: 12    God:    Okawaru [****..]
Gold:   540        SH: 10    Dex: 10    Spells: 1 memorised, 11 levels left

rFire  . . .     SeeInvis .       - Unarmed
rCold  . . .     Gourm    .     u - +0 scale mail
rNeg   + . .     Faith    .     B - +0 shield
rPois  .         Spirit   .     (helmet restricted)
rElec  .         Dismiss  .     D - +2 cloak
rCorr  .         Reflect  .     l - +2 pair of gloves
SustAt .         Harm     .     (no barding)
MR     ++...                    (no amulet)
Stlth  ..........               N - ring of protection from magic
                                r - ring of positive energy

@: very quick, very resistant to hostile enchantments, extremely unstealthy
A: hooves 3, horns 1, deformed body, speed 2, magic resistance 1, tough skin 3
a: Heroism, Renounce Religion


You were on level 11 of the Dungeon.
You worshipped Okawaru.
Okawaru was greatly pleased with you.
You were not hungry.

You visited 2 branches of the dungeon, and saw 12 of its levels.

You collected 540 gold pieces.

Inventory:

Hand Weapons
 b - a +1 blowgun
Missiles
 h - 5 javelins (quivered)
 y - a throwing net
 F - 56 poisoned needles
 I - 5 tomahawks
Armour
 e - a +0 cloak of invisibility
 l - a +2 pair of gloves (worn)
 u - a +0 scale mail (worn)
 B - a +0 shield (worn)
 D - a +2 cloak (worn)
 L - a +1 plate armour of fire resistance
Jewellery
 r - a ring of positive energy (left hand)
 N - a ring of protection from magic (right hand)
Wands
 c - a wand of flame (26/48)
 f - a wand of random effects (8/48)
 p - a wand of iceblast (10/15)
 q - a wand of flame (17/48)
 J - a wand of iceblast (5/15)
Scrolls
 g - 2 scrolls of remove curse
 i - 3 scrolls of magic mapping
 w - 3 scrolls of teleportation
 M - a scroll of identify
Potions
 j - a potion of lignification
 k - 2 potions of heal wounds
 n - 2 potions of might
 s - a potion of agility
 v - 3 potions of flight {unknown}
 x - 2 potions of haste
 z - 4 potions of curing
 A - 2 potions of cancellation {unknown}
 E - a potion of brilliance {unknown}
 G - a potion of degeneration {unknown}
 H - a potion of resistance {unknown}
 K - a potion of magic {unknown}
Comestibles
 a - a chunk of flesh
 d - 4 bread rations
 m - 2 royal jellies
 o - 6 meat rations
 t - 7 fruits


   Skills:
 - Level 7.3 Fighting
 - Level 2.1 Throwing
 - Level 1.3 Dodging
 - Level 6.3 Shields
 - Level 11.4 Unarmed Combat
 - Level 1.5 Spellcasting
 - Level 2.9 Transmutations
 + Level 5.3 Invocations


You had 11 spell levels left.
You knew the following spells:

 Your Spells              Type           Power        Failure   Level  Hunger
a - Beastly Appendage     Tmut           #.....       69%         1    ##.....


Dungeon Overview and Level Annotations

Branches:
Dungeon (11/15)            Temple (1/1) D:6            Lair (0/6) D:10
    Orc (0/2) D:11

Altars:
Ashenzari
Cheibriados
Dithmenos
Elyvilon
Fedhas
Gozag
Hepliaklqana
Kikubaaqudgha
Makhleb
Nemelex Xobeh
Okawaru
Pakellas
Qazlal
Ru
Sif Muna
Trog
Uskayaw
Vehumet
Xom
Yredelemnul
Zin
The Shining One
Lugonu

Shops:
D:7 :

Annotations:
D:2 Sigmund
D:4 crawlian's ghost, amateur DEFE
D:8 mistymad's ghost, novice FoAK
D:11 crawlian's ghost, journeyman DEFE; crawlian's ghost, novice DEFE


Innate Abilities, Weirdness & Mutations

You have hooves in place of feet.
Armour fits poorly on your strangely shaped body.
You cover ground very quickly.
You have extremely tough skin. (AC +3)
You have a pair of small horns on your head.
You are resistant to hostile enchantments. (MR+)


Message History

Unknown command.
An orc comes into view. It is wielding a club.
There is an open door here.
There is an escape hatch in the ceiling here.
There is an open door here.
The orc hits you but does no damage.
There is an open door here.
You punch the orc!
You kill the orc!
Okawaru accepts your kill.
Crawlian's ghost gestures at you while chanting.
The flame tongue hits you!
Crawlian's ghost whispers, "Trust me.
Just give in."
Crawlian's ghost points at you and mumbles some strange words.
The fireball explodes!
The fireball engulfs you!
* * * LOW HITPOINT WARNING * * *
There is a stone staircase leading up here.
Crawlian's ghost casts a spell at you.
The fireball explodes!
The fireball engulfs you!
You die...

...# ####'##### .#### ##.##
##.# ..#.. #..# #..# #.#..
###.## ###'######## #....
.....# #..........#### ###'.8W
.....#
###..........W).###...o..
.....#
#.'..).......##<..#...#..
.....####.#..........####.#...#
. .....##...#.....@....#
#.'...###
.....#..###..........#
###...... .......##
#..........# #...... .....###
#..........# ####### .....#
#..........# ######
############


You could see crawlian's ghost.

Vanquished Creatures
  3 trolls
  A two-headed ogre (D:8)
  5 yaks (D:9)
  2 hippogriffs
  Duvessa (D:6)
  2 phantoms
  2 sky beasts
  8 orc warriors
  2 ice beasts
  3 black bears
  2 ogres
  2 wolves (D:10)
  4 centaurs
  2 big kobolds
  2 gnoll sergeants
  Dowan (D:6)
  10 giant frogs
  A wyvern zombie (D:10)
  A scorpion (D:7)
  5 killer bees
  2 wights (D:10)
  2 electric eels (D:10)
  A howler monkey (D:5)
  A giant frog zombie (D:8)
  7 crimson imps
  A quasit (D:8)
  7 hounds
  A giant frog skeleton (D:5)
  6 orc priests
  A jelly (D:8)
  11 orc wizards
  An iguana (D:9)
  Ijyb (D:2)
  6 worker ants
  A hound skeleton (D:8)
  20 gnolls
  11 adders
  3 shadow imps
  2 adder skeletons
  2 dart slugs
  5 giant geckos
  57 orcs
  A ball python (D:3)
  5 giant cockroaches
  8 goblins
  10 hobgoblins
  5 jackals
  2 quokkas
  15 bats
  A giant gecko skeleton (D:6)
  3 giant newts
  16 kobolds
  2 quokka skeletons
  4 rats
280 creatures vanquished.

Vanquished Creatures (collateral kills)
  An adder (D:2)
  An orc (D:3)
2 creatures vanquished.

Grand Total: 282 creatures vanquished

Notes
Turn   | Place    | Note
-------+----------+-------------------------------------------
     0 | D:1      | Leszczynek the Centaur Transmuter began the quest for the Orb.
     0 | D:1      | Reached XP level 1. HP: 16/16 MP: 3/3
     0 | D:1      | okay, that's enough of speedrunning
   118 | D:1      | Reached skill level 2 in Transmutations
   147 | D:1      | Reached XP level 2. HP: 22/23 MP: 4/4
  1011 | D:2      | Learned a level 2 spell: Sticks to Snakes
  1066 | D:2      | Found a hide-covered altar of Uskayaw.
  1089 | D:2      | Reached XP level 3. HP: 26/28 MP: 5/5
  1272 | D:2      | Noticed Ijyb
  1312 | D:2      | Killed Ijyb
  1312 | D:2      | Reached skill level 4 in Unarmed Combat
  1424 | D:2      | Reached XP level 4. HP: 23/35 MP: 3/6
  1446 | D:2      | Noticed Sigmund
  2439 | D:3      | Reached XP level 5. HP: 41/41 MP: 7/7
  2499 | D:3      | Reached skill level 5 in Unarmed Combat
  2552 | D:3      | Reached skill level 2 in Fighting
  3455 | D:4      | Noticed crawlian's ghost (amateur DEFE)
  3462 | D:5      | Entered Level 5 of the Dungeon
  3543 | D:5      | Reached skill level 1 in Shields
  3786 | D:4      | Reached XP level 6. HP: 28/48 MP: 8/8
  4357 | D:5      | Reached skill level 2 in Shields
  5005 | D:5      | HP: 4/48 [centaur (7)]
  5007 | D:5      | Reached XP level 7. HP: 5/55 MP: 9/9
  5516 | D:6      | Reached skill level 3 in Shields
  5516 | D:6      | Reached skill level 6 in Unarmed Combat
  5684 | D:6      | Found a staircase to the Ecumenical Temple.
  5721 | Temple   | Entered the Ecumenical Temple
  5742 | Temple   | Became a worshipper of Warmaster Okawaru
  5922 | D:6      | Reached skill level 7 in Unarmed Combat
  6437 | D:6      | Reached XP level 8. HP: 46/62 MP: 10/10
  6919 | D:6      | Reached skill level 4 in Shields
  7185 | D:6      | Found a sparkling altar of Nemelex Xobeh.
  7188 | D:6      | Found a glowing golden altar of the Shining One.
  7200 | D:6      | Found a sacrificial altar of Ru.
  7321 | D:6      | Reached skill level 3 in Fighting
  7321 | D:6      | Reached skill level 8 in Unarmed Combat
  7342 | D:6      | Noticed Duvessa
  7342 | D:6      | Noticed Dowan
  7384 | D:6      | Killed Duvessa
  7384 | D:6      | Reached * piety under Okawaru
  7450 | D:6      | Killed Dowan
  7569 | D:7      | Found a shimmering altar of Xom.
  7740 | D:7      | Found a snail-covered altar of Cheibriados.
  7745 | D:7      | Found a bloodstained altar of Trog.
  7807 | D:7      | Found Nakoe's Book Boutique.
  7946 | D:7      | Reached ** piety under Okawaru
  8044 | D:7      | Found a hazy altar of Hepliaklqana.
  8046 | D:7      | Found an opulent altar of Gozag.
  8122 | D:7      | Reached skill level 4 in Fighting
  8122 | D:7      | Reached skill level 9 in Unarmed Combat
  8145 | D:7      | Reached XP level 9. HP: 55/71 MP: 11/11
  8654 | D:8      | Noticed mistymad's ghost (novice FoAK)
  8692 | D:7      | Reached skill level 5 in Shields
  8698 | D:7      | Gained mutation: You are resistant to hostile enchantments. (MR+) [potion of beneficial mutation]
 10006 | D:8      | Reached skill level 5 in Fighting
 10006 | D:8      | Reached skill level 10 in Unarmed Combat
 10053 | D:8      | Found a bloodstained altar of Trog.
 10067 | D:8      | Reached *** piety under Okawaru
 10068 | D:8      | Found a white marble altar of Elyvilon.
 10068 | D:8      | Found an ancient bone altar of Kikubaaqudgha.
 10068 | D:8      | Found a shadowy altar of Dithmenos.
 10074 | D:8      | Found a deep blue altar of Sif Muna.
 10643 | D:9      | Reached XP level 10. HP: 79/83 MP: 12/12
 11107 | D:9      | Gained mutation: You have a pair of small horns on your head. [potion of beneficial mutation]
 11108 | D:9      | "beneficial"
 11135 | D:9      | Reached skill level 11 in Unarmed Combat
 11144 | D:9      | Reached skill level 6 in Fighting
 11376 | D:9      | Reached skill level 6 in Shields
 11581 | D:10     | Entered Level 10 of the Dungeon
 11810 | D:9      | Reached **** piety under Okawaru
 12355 | D:9      | Reached skill level 1 in Throwing
 12691 | D:10     | Reached skill level 7 in Fighting
 13095 | D:10     | Reached skill level 2 in Throwing
 13130 | D:10     | Reached skill level 1 in Invocations
 13224 | D:9      | Reached skill level 2 in Invocations
 13387 | D:9      | Reached skill level 3 in Invocations
 13520 | D:10     | Reached skill level 4 in Invocations
 13824 | D:10     | Reached skill level 5 in Invocations
 13848 | D:10     | Found a staircase to the Lair.
 14133 | D:11     | Noticed crawlian's ghost (journeyman DEFE)
 14249 | D:11     | Noticed crawlian's ghost (novice DEFE)
 14293 | D:11     | Found a staircase to the Orcish Mines.
 14293 | D:11     | Noticed crawlian's ghost (journeyman DEFE)
 14294 | D:11     | wait
 14294 | D:11     | is this the same ghost all the time?
 14294 | D:11     | no
 14294 | D:11     | these are actually three different ghosts
 14294 | D:11     | of the same guy
 14294 | D:11     | playing the same combo
 14294 | D:11     | on the same level
 14294 | D:11     | as a bonus, there was one another ghost of the same guy with the same combo earlier
 14294 | D:11     | jesus
 14316 | D:11     | Killed from afar by crawlian's ghost

Vault maps used:
D:1:      matt_arrival_spirals, minmay_tromino_v2
D:2:      eat_drink_and_be_merry_uskayaw, uniq_iyjb, uniq_sigmund
D:4:      mumra_celtic_spiral_tile
D:5:      corexii_shack_village, first_bread
D:6:      grunt_temple_overflow_diamond, uniq_duvessa
D:7:      lemuel_doored_altar, grunt_temple_overflow_open, serial_shops,
          nicolae_shop_stone, trog_ov_bears_minmay
D:8:      minitemple
D:10:     erik_lair_island
D:11:     david_orc_2
Temple:   corrupted_temple

Skill      XL: |  1  2  3  4  5  6  7  8  9 10 |
---------------+-------------------------------+-----
Transmutations | 2 |  2.9
Unarmed Combat | 4 5 7 9 10 11 | 11.4
Fighting       | 2 4 5 7 |  7.3
Shields        | 1 2 3 4 5 6 |  6.3
Throwing       | 2 |  2.1
Invocations    | 5 |  5.3
Dodging        | |  1.3
Spellcasting   | |  1.5

Action                   |  1- 3 |  4- 6 |  7- 9 | 10-12 || total
-------------------------+-------+-------+-------+-------++-------
Melee: Unarmed           |   132 |   397 |   673 |   374 ||  1576
       Kick              |    20 |    75 |   136 |    70 ||   301
       Headbutt          |     7 |     3 |       |    50 ||    60
       Punch             |     1 |     1 |       |       ||     2
       Flail             |       |    43 |       |       ||    43
 Fire: Blowgun           |       |       |       |     3 ||     3
Throw: Javelin           |       |       |     4 |       ||     4
 Cast: Beastly Appendage |     7 |     2 |       |       ||     9
       Sticks to Snakes  |     3 |     2 |       |       ||     5
Invok: Heroism           |       |       |     4 |     7 ||    11
Evoke: Wand              |       |       |       |     3 ||     3
  Use: Scroll            |       |     6 |     7 |     6 ||    19
       Potion            |       |     1 |     1 |     1 ||     3
  Eat: Chunk             |     1 |     9 |    12 |    11 ||    33
       Beef jerky        |       |     1 |     1 |       ||     2
       Pizza             |       |       |     2 |       ||     2
Armor: Robe              |    80 |    46 |       |       ||   126
       Scale mail        |       |   147 |   266 |   120 ||   533
Dodge: Dodged            |    93 |   121 |   114 |    63 ||   391
Block: Shield            |       |    87 |   250 |   168 ||   505
